 Dungeon Crawl Stone Soup version 0.29.1-1-gd02db6906a (webtiles) character file.

Game seed: 2143134253012816355

56 GigaChad the Conjurer (level 3, 0/19 HPs)
             Began as a Deep Elf Conjurer on Sept 29, 2022.
             Slain by a ball python (3 damage)
             ... on level 3 of the Dungeon.
             The game lasted 00:01:45 (1757 turns).

GigaChad the Conjurer (Deep Elf Conjurer)           Turns: 1757, Time: 00:01:46

Health: 0/19       AC:  2    Str:  6    XL:     3   Next: 69%
Magic:  2/10       EV: 12    Int: 22    God:
Gold:   106        SH:  0    Dex: 13    Spells: 4/9 levels left

rFire   . . .      SeeInvis .   (no weapon)
rCold   . . .      Faith    .   (no shield)
rNeg    . . .      Spirit   .   a - +0 robe
rPois   .          Reflect  .   (no helmet)
rElec   .          Harm     .   (no cloak)
rCorr   .          Rampage  .   (no gloves)
Will    .....                   (no boots)
Stlth   ++........              (no amulet)
HPRegen 0.06/turn               (no ring)
MPRegen 0.12/turn               (no ring)

@: no status effects
A: no striking features
a: no special abilities


You were on level 3 of the Dungeon.
You visited 1 branch of the dungeon, and saw 3 of its levels.

You collected 106 gold pieces.

Inventory:

Armour
 a - a +0 robe (worn)
Jewellery
 j - a ring of positive energy
Scrolls
 c - a scroll of poison {unknown}
 d - 2 scrolls of identify {unknown}
 f - a scroll of summoning {unknown}
 g - a scroll of silence {unknown}
 h - a scroll of noise {unknown}
 i - a scroll of fear {unknown}
 n - a scroll of teleportation {unknown}
Potions
 b - a potion of magic
 e - 3 potions of heal wounds {unknown}
 k - 2 potions of curing {unknown}
 l - a potion of attraction {unknown}
 m - a potion of resistance {unknown}


   Skills:
 - Level 2.5 Dodging
 - Level 3.0 Stealth
 + Level 3.7 Spellcasting
 - Level 5.3 Conjurations


You had 4 spell levels left.
You knew the following spells:

 Your Spells              Type           Power      Damage    Failure   Level
a - Magic Dart            Conj           100%       1d8       1%          1
b - Searing Ray           Conj           54%        2d6       1%          2
c - Wereblood             Tmut           4%         N/A       17%         2

Your spell library contained the following spells:

 Spells                   Type           Power      Damage    Failure   Level
 Beastly Appendage        Tmut           8%         N/A       12%         1
 Slow                     Hex            16%        N/A       12%         1
 Dazzling Flash           Conj/Hex       30%        N/A       12%         3
 Poisonous Vapours        Pois/Air       8%         N/A       17%         2
 Sublimation of Blood     Necr           4%         N/A       17%         2
 Confusing Touch          Hex            4%         N/A       34%         3
 Spider Form              Tmut/Pois      4%         N/A       34%         3
 Vampiric Draining        Necr           4%         2d6       34%         3
 Fulminant Prism          Conj/Hex       7%         3d7       36%         4
 Iskenderun's Mystic Bla  Conj/Tloc      15%        2d5       36%         4
 Passage of Golubria      Tloc           4%         N/A       75%         4
 Summon Lightning Spire   Summ/Air       4%         N/A       75%         4
 Freezing Cloud           Conj/Ice/Air   6%         6-21      83%         5
 Silence                  Hex/Air        2%         N/A       97%         5
 Summon Hydra             Summ           2%         N/A       100%        7
 Lehudib's Crystal Spear  Conj/Erth      7%         10d3      100%        8
 Chain Lightning          Conj/Air       7%         3d10      100%        9


Dungeon Overview and Level Annotations

Branches:
Dungeon (3/15)

Altars:


Message History

The magic dart hits the orc.
You kill the orc!
An orc comes into view. It is wielding a +0 hand axe.
The magic dart hits the orc.
You kill the orc!
The orc shouts!
The magic dart hits the orc priest but does no damage.
The magic dart hits the orc priest.
The orc priest is moderately wounded.
The orc priest invokes the aid of Beogh against you.
Pain shoots through your body!
The magic dart hits the orc priest.
The orc priest is moderately wounded.
The magic dart hits the orc priest.
The orc priest is heavily wounded.
The magic dart hits the orc priest but does no damage.
The orc priest is heavily wounded.
The orc priest barely misses you.
The magic dart hits the orc priest but does no damage.
The orc priest is heavily wounded.
The magic dart hits the orc priest but does no damage.
The orc priest is heavily wounded.
The orc priest hits you with a +0 club. The orc hits you with a +0 hand axe.
You are too injured to fight recklessly!
Casting: Magic Dart (safe; 1% risk of failure)
Confirm with . or Enter, or press ? or * to list all spells.
You don't have enough magic to cast this spell.
The orc priest miscasts a cantrip.
You open the door.
The orc priest attacks as you move away!
The orc priest hits you with a +0 club.
* * * LOW HITPOINT WARNING * * *
A ball python comes into view.
The orc priest looks satisfied for a moment.
There is an open door here.
The ball python hisses angrily.
The ball python bites you.
* * * LOW HITPOINT WARNING * * *
The ball python barely misses you. The ball python bites you.
You die...

##+##
##...##
##.....##
##.......##
#....S....#
+....@....+
#.........#
##...o...##
##.....##
##.o.##
##'## #.#
#.# ##.##


You could see an orc priest, an orc and a ball python.

Vanquished Creatures
  3 worms (D:2)
  2 dart slugs (D:2)
  2 orcs (D:3)
  4 endoplasms
  5 hobgoblins (D:1)
  6 kobolds
  2 ball pythons (D:1)
  3 bats
  4 frilled lizards
  6 goblins
  3 rats
40 creatures vanquished.

Notes
Turn   | Place    | Note
-------+----------+-------------------------------------------
     0 | D:1      | GigaChad the Deep Elf Conjurer began the quest for the Orb.
     0 | D:1      | Reached XP level 1. HP: 10/10 MP: 6/6
   272 | D:1      | Reached XP level 2. HP: 15/15 MP: 6/8
   638 | D:1      | You fall into a shaft and drop 1 floor!
   710 | D:2      | Reached skill level 5 in Conjurations
   775 | D:2      | Reached XP level 3. HP: 19/19 MP: 6/9
  1293 | D:2      | Got the Volume of the Birds
  1480 | D:2      | Learned a level 2 spell: Searing Ray
  1483 | D:2      | Learned a level 2 spell: Wereblood
  1757 | D:3      | Slain by a ball python

Illustrated notes

Levels and vault maps discovered:
D:1:      dpeg_chamrin_arrival_tetris, layout_rooms,
          dreamdust_ecumenical_altar_grove, minmay_strange_pillars, minivault_26
D:2:      layout_loops_cross
D:3:      layout_loops_corners, nicolae_tso_carved_into_rock, led_sif_book,
          lemuel_round_altar, mainiacjoe_overflow_tiny_flanked, serial_shops,
          shop

Skill      XL: |  1  2  3 |
---------------+----------+-----
Conjurations   | 5 |  5.3
Stealth        | 3 |  3.0
Dodging        | |  2.5
Spellcasting   | |  3.7

Action                   || total
-------------------------++-------
 Cast: Magic Dart        ||    83
Armor: Robe              ||     1
Dodge: Dodged            ||     4
